AoeStats
← 17_Neo_

Arena

505371201Analyzed
4v4 RM · 24d ago on Sep 9, 2026· 35m 56s· 8 players
Game mode
Random Map
Map size
Large (8 player)
Population
200
Speed
Normal
Resources
Standard
Victory
Conquest
Starting age
Dark Age
Ending age
Imperial Age
RankedLock teamsTeams togetherTeam positionsShared explorationLock speedFull tech treeHidden civsTurbo modeCheats
Victory
Defeat
🇨🇴 Goths · Colombia
1401
+11
🇨🇴 Teutons · Colombia
1312
+15
🇨🇴 Bohemians · Colombia
1285
+16
🇨🇴 Celts · Colombia
1257
+18
🇲🇽 Spanish · Mexico
1339
-17
🇻🇪 Franks · Venezuela
1299
-15
🇺🇾 Malay · Uruguay
1298
-15
🇲🇽 Persians · Mexico
1231
-13
[Zelda] prosao24
9:29 Feudal Age
14:41 Castle Age
12:50 Double-Bit Axe
14:23 Wheelbarrow
15:37 Bow Saw
21:19 Horse Collar
22:24 Town Watch
23:24 Hand Cart
29:00 Imperial Age
27:13 Bloodlines
27:59 Scale Barding Armor
28:43 Forging
29:16 Husbandry
28:50 Cavalier
29:35 Gold Mining
30:25 Iron Casting
30:11 Chain Barding Armor
33:01 Plate Barding Armor
33:26 Blast Furnace
32:40 Savar
[Zelda] Skull kid
10:45 Feudal Age
13:13 Double-Bit Axe
18:08 Castle Age
16:43 Wheelbarrow
16:33 Horse Collar
23:48 Imperial Age
23:39 Bow Saw
25:42 Loom
28:04 Padded Archer Armor
32:15 Leather Archer Armor
SantooKhan
12:10 Feudal Age
12:38 Loom
15:39 Castle Age
14:43 Double-Bit Axe
14:41 Horse Collar
16:50 Bow Saw
22:53 Wheelbarrow
26:19 Hand Cart
30:30 Imperial Age
[Zelda] Numero10
10:17 Feudal Age
14:41 Castle Age
12:40 Double-Bit Axe
15:41 Bow Saw
17:14 Wheelbarrow
23:00 Hand Cart
29:18 Imperial Age
27:01 Scale Barding Armor
27:06 Forging
27:31 Husbandry
27:37 Gold Mining
29:57 Chain Barding Armor
29:43 Cavalier
34:05 Iron Casting
34:30 Conscription
36:22 Plate Barding Armor
Mhao
10:46 Feudal Age
15:48 Castle Age
14:23 Gold Mining
14:27 Stone Mining
14:50 Double-Bit Axe
15:10 Horse Collar
16:16 Gold Mining
17:25 Heavy Plow
20:14 Bow Saw
21:11 Loom
24:46 Scale Mail Armor
26:13 Wheelbarrow
26:25 Forging
27:42 Chain Mail Armor
29:49 Town Watch
32:04 Hand Cart
32:27 Gold Shaft Mining
32:27 Stone Shaft Mining
33:08 Iron Casting
33:06 Gambesons
34:29 Town Patrol
34:12 Pikeman
38:11 Imperial Age
Logan
11:27 Feudal Age
12:13 Double-Bit Axe
14:10 Wheelbarrow
16:52 Castle Age
16:49 Horse Collar
18:43 Bow Saw
18:37 Heavy Plow
33:22 Pikeman
37:48 Imperial Age
17_Neo_
11:12 Feudal Age
12:39 Wheelbarrow
12:06 Horse Collar
12:16 Double-Bit Axe
15:18 Castle Age
16:44 Bow Saw
21:00 Hand Cart
23:16 Heavy Plow
23:35 Stone Mining
28:48 Imperial Age
26:45 Loom
27:02 Scale Mail Armor
27:13 Forging
27:26 Anarchy
28:04 Chain Mail Armor
28:07 Squires
29:06 Elite Huskarl
30:00 Perfusion
30:29 Conscription
31:21 Iron Casting
30:45 Pikeman
31:11 Halberdier
37:09 Blast Furnace
RAGNAROK
11:56 Feudal Age
13:27 Horse Collar
14:25 Wheelbarrow
17:43 Castle Age
16:00 Double-Bit Axe
19:38 Scale Barding Armor
21:08 Bow Saw
21:15 Heavy Plow
23:48 Loom
32:06 Imperial Age
30:12 Elite Skirmisher
30:45 Fletching
30:55 Padded Archer Armor
32:27 Fortified Wall
35:48 Two-Man Saw
35:28 Ballistics
36:38 Leather Archer Armor
36:19 Bodkin Arrow
Connection lost

Rejoining the realm…

Still unreachable

The connection could not be restored.

Session expired

The server has moved on; the page needs a fresh start.